 Dungeon Crawl Stone Soup version 0.31-a0-233-g139696dc86 (webtiles) character file.

Game seed: 2619643770692463718

16 qw the Shooter (level 2, -2/16 HPs)
             Began as a Gargoyle Hexslinger on July 8, 2023.
             Slain by a goblin
             ... wielding a +0 dagger
             ... led by Robin
              (3 damage)
             ... on level 1 of the Dungeon.
             The game lasted 00:00:10 (556 turns).

qw the Shooter (Gargoyle Hexslinger)                 Turns: 556, Time: 00:00:10

Health: -2/16      AC:  4    Str: 11    XL:     2   Next: 54%
Magic:  3/3        EV: 12    Int: 13    God:
Gold:   16         SH:  0    Dex: 12    Spells: 2/3 levels left

rFire   . . .        Y - +1 sling
rCold   . . .        (no shield)
rNeg    + . .        c - +0 robe
rPois   inf          (no helmet)
rElec   +            (no cloak)
rCorr   .            (no gloves)
SInv    .            (no boots)
Will    +....        (no amulet)
Stlth   +            f - ring of willpower
HPRegen 0.22/turn    (no ring)
MPRegen 0.08/turn

%: no passive effects
@: no status effects
A: sickness immunity, AC +2, negative energy resistance 1, electricity
resistance, torment resistance 1, petrification resistance
a: no special abilities


You were on level 1 of the Dungeon.
You visited 1 branch of the dungeon, and saw 2 of its levels.

You collected 16 gold pieces.


Innate Abilities, Weirdness & Mutations

You are immune to sickness and miasma.
Your stone body is resilient. (AC +2)
You are immune to poison.
You resist negative energy. (rN+)
You are resistant to electric shocks. (rElec)
You are resistant to unholy torment.
You are immune to petrification.


   Skills:
 + Level 1.3 Fighting
 - Level 3.0 Ranged Weapons
 - Level 1.5 Dodging
 - Level 1.0 Spellcasting
 - Level 2.6 Hexes


You had 2 spell levels left.
You knew the following spells:

 Your Spells              Type           Power      Damage    Failure   Level
a - Slow                  Hex            28%        N/A       10%         1

Your spell library contained the following spells:

 Spells                   Type           Power      Damage    Failure   Level
 Inner Flame              Hex/Fire       4%         N/A       43%         3
 Portal Projectile        Hex/Tloc       8%         N/A       43%         3
 Cause Fear               Hex            3%         N/A       67%         4

Inventory:

Hand Weapons
 Y - a +1 sling (weapon)
Armour
 c - a +0 robe (worn)
Jewellery
 f - a ring of willpower (left hand)
Potions
 d - a potion of resistance {unknown}
 g - a potion of ambrosia {unknown}

Dungeon Overview and Level Annotations

Branches:
Dungeon (2/15)

Altars:

Shops:
D:1 [

Annotations:
D:2 Robin


Message History

Level annotation: Robin The goblin barely misses you.
The goblin hits you with a +0 club. The hobgoblin closely misses you.
The goblin closely misses you. The hobgoblin hits you.
There is a stone staircase leading up here.
550 ||| STAIRDANCE The goblin hits you with a +0 dagger.
The goblin misses you. The goblin closely misses you. The goblin misses you.
The hobgoblin closely misses you. The hobgoblin barely misses you.
You climb upwards.
There is a stone staircase leading down here.
You shoot a sling bullet.
The sling bullet closely misses the hobgoblin.
The hobgoblin closely misses you. x2; The goblin hits you with a +0 dagger.
The goblin hits you with a +0 club.
The goblin hits you but does no damage. x2
You shoot a sling bullet. The sling bullet hits the hobgoblin.
The hobgoblin is severely wounded.
The hobgoblin barely misses you. The hobgoblin misses you.
The goblin misses you. The goblin barely misses you.
The goblin hits you but does no damage. The goblin hits you with a +0 dagger.
The hobgoblin closely misses you. The goblin misses you.
The goblin completely misses you. The goblin hits you with a +0 dagger.
The hobgoblin closely misses you. The goblin hits you but does no damage.
You shoot a sling bullet.
The sling bullet closely misses the hobgoblin.
The hobgoblin hits you. The hobgoblin closely misses you.
The goblin hits you but does no damage. The goblin completely misses you.
The goblin hits you but does no damage. The goblin hits you with a +0 dagger.
You shoot a sling bullet.
The sling bullet closely misses the hobgoblin.
The hobgoblin misses you. The hobgoblin barely misses you.
The goblin barely misses you. x2; The goblin hits you but does no damage.
The goblin misses you.
You shoot a sling bullet.
The sling bullet closely misses the hobgoblin.
The hobgoblin closely misses you.
The hobgoblin hits you but does no damage.
The goblin hits you with a +0 dagger. The goblin hits you but does no damage.
The goblin hits you with a +0 dagger.
You die...

..........# #.....##..#...#..#
..........######.####.#.........#
..........#.....(...#.#.........#
..........#.........).#..#...#..#
#.....................#.........#
..........#...............~.~....
..........#####.......#..#.8.#..#
.......>..# ##g.....#.........#
..........# #g@g....####+#+####
..........# #ggg.....).+.#.+.'.
##.......## ###.......####.#.###.
8#......#####........#..##.#.#...
##............###..>...###.......
##....####..#.######.##..........
####### ##.#.##........##.......
8# #........########.(..... ####
## #....%..## #####...##.


You could see 2 hobgoblins and 4 goblins.

Vanquished Creatures
  4 ball pythons (D:1)
  2 endoplasms (D:1)
  4 goblins (D:1)
  A hobgoblin (D:2)
  A frilled lizard (D:1)
  A rat (D:1)
13 creatures vanquished.

Notes
Turn   | Place    | Note
-------+----------+-------------------------------------------
     0 | D:1      | qw the Gargoyle Hexslinger began the quest for the Orb.
     0 | D:1      | Reached XP level 1. HP: 12/12 MP: 2/2
     0 | D:1      | 0 ||| qw: Version: 0.3-a-46-gb1f654a
     0 | D:1      | 0 ||| qw: Game counter: 3512
     0 | D:1      | 0 ||| qw: Melee chars always use a shield: true
     0 | D:1      | 0 ||| qw: God list: Okawaru
     0 | D:1      | 0 ||| qw: Allow faded altars: false
     0 | D:1      | 0 ||| qw: Do Orc after clearing Dungeon:15 true
     0 | D:1      | 0 ||| qw: Do second Lair branch before Depths: true
     0 | D:1      | 0 ||| qw: Lair rune preference: random
     0 | D:1      | 0 ||| qw: Goals: Normal
     0 | D:1      | 0 ||| PLANNING D:1-11
    35 | D:1      | Found Xievughe's Armour Boutique.
    48 | D:1      | 48 ||| SHOPLISTING +0 leather armour (24 gold, have 4).
    48 | D:1      | 48 ||| SHOPLISTING +4 ring mail (312 gold, have 4).
   300 | D:1      | Reached XP level 2. HP: 16/16 MP: 3/3
   495 | D:1      | 495 ||| UPGRADING to ring of willpower.
   496 | D:1      | 496 ||| READING scroll labelled LAVEOG SEKHLYETT.
   500 | D:1      | 500 ||| DROPPING scroll of poison.
   517 | D:2      | Noticed Robin
   519 | D:2      | Reached skill level 3 in Ranged Weapons
   519 | D:2      | 519 ||| STAIRDANCE
   550 | D:2      | 550 ||| STAIRDANCE
   554 | D:1      | HP: 4/16 [hobgoblin[Robin] (1)]
   554 | D:1      | HP: 1/16 [goblin/+0 dagger[Robin] (3)]
   556 | D:1      | Slain by a goblin

Levels and vault maps discovered:
D:1:      shiori_arrival_oz, layout_rooms, serial_corexii_hall,
          chequers_hall_statues_y, corexii_hall_statues_u,
          chequers_hall_statues_corner_a, corexii_hall_statues_x,
          corexii_hall_statues_u, corexii_hall_statues_i, serial_shops, shop
D:2:      layout_rooms, minmay_tetromino_l4, uniq_robin

Skill      XL: |  1  2 |
---------------+-------+-----
Ranged Weapons | 3 |  3.0
Fighting       | |  1.3
Dodging        | |  1.5
Spellcasting   | |  1.0
Hexes          | |  2.6

Action                     || total
---------------------------++-------
   Fire: Sling             ||    22
    Use: Scroll            ||     1
 Armour: Robe              ||    13
  Dodge: Dodged            ||    27

Table legend:
 A = Non-vault XP
 B = Vault XP
 C = Vault XP percentage of total XP
 D = Non-vault monster count
 E = Vault monster count
 F = Vault count percentage of total count
                 A         B        C        D         E       F
            +---------+---------+-------+---------+---------+-------
      Total |      15 |       8 |  34.8 |       9 |       4 |  30.8
            +---------+---------+-------+---------+---------+-------
        D:1 |      15 |       6 |  28.6 |       9 |       3 |  25.0
        D:2 |       0 |       2 | 100.0 |       0 |       1 | 100.0
            +---------+---------+-------+---------+---------+-------
